 Dungeon Sprint DCSS version 0.27.0-66-gdc8fb28755 (webtiles) character file.

Game seed: 6188418239507802075

1122 JuniperTheExplorer the Fighter (level 8, -1/68 HPs)
             Began as a Djinni Fighter on Aug 20, 2021.
             Slain by a flying skull (5 damage)
             ... in the Dungeon (Sprint II: "The Violet Keep of Menkaure").
             The game lasted 00:09:35 (786 turns).

JuniperTheExplorer the Fighter (Djinni Fighter)      Turns: 786, Time: 00:09:38

Health: -1/68      AC: 14    Str: 16    XL:     8   Next: 61%
Gold:   21         EV:  5    Int:  9    God:
                   SH: 11    Dex: 13

rFire    + + +     SeeInvis .   a - +0 long sword
rCold    x . .     Faith    .   c - +0 kite shield
rNeg     . . .     Spirit   .   d - +1 plate armour {rF+}
rPois    ∞         Reflect  .   (no helmet)
rElec    .         Harm     .   (no cloak)
rCorr    .         Rampage  .   (no gloves)
Will     .....     NoTele   +   (boots unavailable)
Stlth    ..........             (no amulet)
HPRegen  0.21/turn              (no ring)
MPRegen  0.00/turn              (no ring)

@: mighty, flying
A: sickness immunity, fire resistance 2, cold vulnerability 1, float, innate
caster, hp casting, extra vitality 1, clumsy 1
a: no special abilities


You were in the Dungeon.
You visited 1 branch You collected 972 gold pieces.
You spent 951 gold pieces at shops.

Inventory:

Hand Weapons
 a - a +0 long sword (weapon)
Armour
 c - a +0 kite shield (worn)
 d - a +1 plate armour of fire resistance (worn)
Potions
 b - a potion of heal wounds
 e - a potion of curing
 g - a potion of haste
 h - a potion of berserk rage


   Skills:
 + Level 9.6 Fighting
 + Level 8.8 Long Blades
 + Level 8.7 Armour
 + Level 3.6 Dodging
 + Level 0.7 Stealth
 + Level 9.1 Shields


You had 2 spell levels left.
You knew the following spells:

 Your Spells              Type           Power      Damage    Failure   Level
a - Animate Skeleton      Necr           0%         N/A       100%        1
b - Poisonous Vapours     Pois/Air       0%         N/A       100%        2
c - Wereblood             Tmut           0%         N/A       100%        2
Your spell library was empty.


Dungeon Overview and Level Annotations

Branches:
Dungeon (1/1)

Altars:
Okawaru
Vehumet
Zin

Shops:
D :=:(:[!=!:(=([?

Annotations:
D exclusions: ice statue and oklob plant, Kirke, Menkaure, Roxanne


Innate Abilities, Weirdness & Mutations

You are immune to sickness and miasma.
You are immune to poison.
Your flesh is very heat resistant. (rF++)
You are vulnerable to cold. (rC-)
You float through the air rather than walking.
You learn spells naturally, not from books.
Your magical power is your life essence.
You have superior vitality. (+4 HP)
You are clumsy. (Dex -2)


Message History

Your Shields skill increases to level 9!
You closely miss the flying skull.
Menkaure grins.
The flying skull completely misses you.
You riposte.
You miss the flying skull.
The flying skull hits you but does no damage.
You block the flying skull's attack.
The flying skull hits you but does no damage.
The flying skull hits you! The flying skull hits you.
The flying skull hits you but does no damage.
A centaur warrior opens the gate.
You block the flying skull's attack.
A centaur warrior opens the door.
The flying skull hits you but does no damage.
The flying skull hits you but does no damage.
The flying skull hits you.
Menkaure calls on the powers of darkness!
The cane toad convulses!
Your body is wracked with pain!
The centaur warrior convulses!
The centaur warrior is engulfed in a cloud of scalding steam.
The flying skull hits you. You block the flying skull's attack.
Found three altars.
The centaur warrior wields a +0 longbow.
The centaur warrior shoots an arrow.
You block the arrow. You block the flying skull's attack.
The centaur warrior shoots an arrow.
The arrow hits you!
* * * LOW HITPOINT WARNING * * *
You block the flying skull's attack. x2
Marking area around an ice statue as unsafe for travelling.
The centaur warrior shoots an arrow.
The arrow hits you!
* * * LOW HITPOINT WARNING * * *
Blink to where?
Press: ? - help, Dir - move target
As you read the scroll of blinking, it crumbles to dust.
The cane toad is engulfed in a cloud of scalding steam. x2
You reach down and open the door.
The centaur warrior is engulfed in a cloud of scalding steam.
The centaur warrior shoots an arrow.
The arrow hits you but does no damage. The flying skull hits you.
* * * LOW HITPOINT WARNING * * *
The flying skull hits you.
You die...

#{M≈#..##.#≈≈≈≈≈≈≈..≈#_
#'#≈##.#.##≈≈≈≈≈≈≈≈.≈#.
#:#≈≈##§##≈≈§≈§≈≈≈≈≈≈#_
####≈{≈z{≈≈M§F§§≈≈≈≈≈#.
#'F'#+++#c§§§§≈≈§≈#_
#≈≈≈§≈§ ##≈≈§###§≈#.
#≈≈§§§§§≈.##≈§#|# ≈#.
+§§≈§≈8§§≈≈.+zz#'# .
##§§≈≈§§§§≈##≈z@§§
##≈≈§.§≈≈###########≈≈
####+####☼≈○°≈○○###≈#
#○○°○≈≈≈○○##≈#
+○°○○○8○≈○≈°+≈#
##°☼○○☼≈○°°## #
##○○○○○°°## #########


You could see an ice statue, a centaur warrior and 3 flying skulls.

Vanquished Creatures
  A flying skull (D)
  2 wyverns (D)
  4 neqoxecs (D)
  4 scorpions (D)
  A hell rat (D)
  3 worms (D)
15 creatures vanquished.

Vanquished Creatures (others)
  A water moccasin (D)
1 creature vanquished.

Grand Total: 16 creatures vanquished

Notes
Turn   | Place    | Note
-------+----------+-------------------------------------------
     0 | D        | JuniperTheExplorer the Djinni Fighter began the quest for
                  | the Orb.
     0 | D        | Reached XP level 1. HP: 20/20 MP: 0/0
     1 | D        | Noticed a scorpion
     1 | D        | Noticed a scorpion
     7 | D        | Killed a scorpion
     8 | D        | Reached skill level 5 in Fighting
     8 | D        | Reached skill level 5 in Armour
     8 | D        | Reached XP level 2. HP: 17/28 MP: 0/0
     8 | D        | Reached XP level 3. HP: 20/33 MP: 0/0
     8 | D        | Learned a level 1 spell: Animate Skeleton
     8 | D        | Reached XP level 4. HP: 24/39 MP: 0/0
    12 | D        | Killed a scorpion
    13 | D        | Reached skill level 5 in Shields
    13 | D        | Reached XP level 5. HP: 29/45 MP: 0/0
    13 | D        | Learned a level 2 spell: Poisonous Vapours
    13 | D        | Killed a water moccasin
    26 | D        | Reached skill level 1 in Dodging
    26 | D        | Reached XP level 6. HP: 16/53 MP: 0/0
   267 | D        | Identified Roxanne's Collected Works on Moulding
   267 | D        | Noticed Roxanne
   295 | D        | Noticed a wyvern
   295 | D        | Noticed a wyvern
   302 | D        | Killed a wyvern
   303 | D        | Reached skill level 5 in Long Blades
   303 | D        | Reached XP level 7. HP: 42/59 MP: 0/0
   303 | D        | Learned a level 2 spell: Wereblood
   308 | D        | Killed a wyvern
   465 | D        | Noticed a flying skull
   465 | D        | Noticed a flying skull
   465 | D        | Noticed a flying skull
   465 | D        | Noticed a flying skull
   465 | D        | Noticed a flying skull
   480 | D        | Noticed a neqoxec
   483 | D        | Noticed a neqoxec
   489 | D        | Gained mutation: You are clumsy. (Dex -2) [a neqoxec]
   497 | D        | Killed a neqoxec
   507 | D        | Killed a neqoxec
   508 | D        | Reached XP level 8. HP: 45/67 MP: 0/0
   630 | D        | Found Egrait's Jewellery Shop.
   630 | D        | Found Nonost's Distillery.
   630 | D        | Found Morocox's Antique Weapon Shop.
   630 | D        | Found Reheyll's Book Boutique.
   630 | D        | Found Hebraif's Magic Scroll Shop.
   630 | D        | Found Hoprea's Antique Weapon Boutique.
   630 | D        | Found Dubbae's Jewellery Shop.
   630 | D        | Found Obituif's Antique Armour Boutique.
   631 | D        | Found Vutot's Distillery.
   631 | D        | Found Yfoim's Antique Armour Boutique.
   631 | D        | Noticed a flying skull
   631 | D        | Noticed a shining eye
   631 | D        | Noticed Menkaure
   632 | D        | Found Gitook's Book Boutique.
   632 | D        | Found Ixoeq Ymenoj's Weapon Shop.
   632 | D        | Noticed a shining eye
   632 | D        | Noticed a shining eye
   632 | D        | Noticed an oklob plant
   633 | D        | Found Yhoiskar's Jewellery Shop.
   633 | D        | Found Iloen's Book Shoppe.
   633 | D        | Found Odim's Book Boutique.
   633 | D        | Noticed a flying skull
   635 | D        | Noticed a hell hog
   635 | D        | Noticed a kobold demonologist
   635 | D        | Noticed a hell hog
   639 | D        | Noticed a skeletal warrior
   641 | D        | Noticed a cane toad
   643 | D        | Noticed a centaur warrior
   644 | D        | Noticed a flying skull
   645 | D        | Noticed Kirke
   646 | D        | Noticed a flying skull
   647 | D        | Noticed a flying skull
   652 | D        | Noticed an elephant
   677 | D        | Bought a shiny plate armour for 624 gold pieces
   684 | D        | Noticed a flying skull
   684 | D        | Noticed a flying skull
   709 | D        | Noticed a cane toad
   738 | D        | Bought a runed great sword for 237 gold pieces
   747 | D        | Bought a potion of heal wounds for 50 gold pieces
   749 | D        | Bought a potion of might for 40 gold pieces
   749 | D        | Noticed a yaktaur captain
   764 | D        | Noticed a lindwurm
   767 | D        | Killed a flying skull
   781 | D        | Found a glowing silver altar of Zin.
   781 | D        | Found an iron altar of Okawaru.
   783 | D        | Noticed an ice statue
   786 | D        | Slain by a flying skull

Illustrated notes

Levels and vault maps discovered:
D:        the_violet_keep_of_menkaure [sprint2_stairs_cluster_1,
          sprint2_shoproom, sprint2_temple, sprint2_basic_supplies,
          sprint2_obstacle_6, sprint2_obstacle_2, sprint2_obstacle_1,
          sprint2_obstacle_4, sprint2_obstacle_5, sprint2_timed_cluster_1,
          sprint2_smallroom_cluster_1, sprint2_smallroom_final_cluster_1,
          sprint2_transparent_cluster_1, sprint2_second_timed_cluster_1,
          sprint2_sniper_area_1, sprint2_heavy_combat_area_1,
          sprint2_mutation_trap_area_1, sprint2_forest_area_1,
          sprint2_light_combat_area_1, sprint2_behind_water_1,
          sprint2_near_end_vault_1]

Skill      XL: |  1  2  3  4  5  6  7  8 |
---------------+-------------------------+-----
Fighting       | 5 7 8 9 |  9.6
Long Blades    | 2 3 5 7 8 |  8.8
Armour         | 5 7 8 |  8.7
Shields        | 4 5 7 8 9 |  9.1
Dodging        | 1 2 3 |  3.6
Stealth        | |  0.7

Action                   |  1- 3 |  4- 6 |  7- 9 || total
-------------------------+-------+-------+-------++-------
Melee: Long sword        |     5 |    41 |    53 ||    99
  Use: Potion            |     1 |       |     2 ||     3
       Scroll            |       |       |     1 ||     1
Armor: Scale mail        |     3 |     8 |     8 ||    19
       Plate armour      |       |       |    12 ||    12
Dodge: Dodged            |     1 |    10 |    21 ||    32
Block: Kite shield       |     2 |    21 |    28 ||    51
       Rpst.: Long sword |     1 |     3 |    11 ||    15
